Map: White Rabbit LE

Players

herO - Winner!

  • Race: Protoss Protoss

Solar

  • Race: Zerg Zerg

VOD

Have the link to the VOD?

Description

Time

  • Played on: Jan. 17, 2026, 10:23 p.m.
  • Length: 6:56
Show
View Real Time Build Order
Export as new Build Order

herO Protoss - Winner!

Build Orders: 1 Gate Expand, Oracle Opening 

Get SALT Encoding   

  12  0:00  Probe  
  13  0:12  Probe  
  14  0:17  Pylon  
  14  0:23  Probe  
  14  0:28  Assimilator  
  15  0:31  Probe  
  16  0:39  Probe  
  16  0:45  Gateway  
  17  0:50  Probe  
  18  1:03  Probe  
  19  1:15  Probe  
  20  1:23  Nexus  
  20  1:33  Cybernetics Core  
  20  1:36  Probe  
  21  1:41  Assimilator  
  21  1:48  Probe  
  21  1:51  Pylon  
  22  2:00  Probe  
  23  2:09  Probe  
  23  2:10  Adept, Stargate  
  26  2:17  Warp Gate, Probe  
  27  2:27  Probe  
  28  2:32  Probe  
  29  2:37  Stalker  
  29  2:39  Probe  
  29  2:40  Probe  
  33  2:44  Oracle  
  33  2:50  Probe  
  33  2:51  Probe  
  38  3:02  Probe  
  38  3:04  Probe  
  40  3:06  Pylon  
  40  3:08  Adept  
  42  3:14  Probe  
  42  3:16  Probe, Oracle  
  44  3:22  Gateway  
  48  3:27  Probe  
  48  3:29  Probe  
  49  3:45  Oracle  
  49  3:47  Nexus  
  49  3:48  Pylon  
  49  3:52  Probe x2  
  54  4:03  Assimilator  
  54  4:04  Assimilator  
  54  4:07  Probe x2  
  56  4:11  Adept  
  56  4:15  Pylon  
  58  4:17  Adept  
  58  4:21  Probe x2  
  62  4:31  Twilight Council  
  62  4:32  Forge  
  62  4:36  Oracle  
  62  4:37  Probe  
  62  4:38  Probe  
  64  4:50  Probe  
  68  4:58  Probe  
  68  4:59  Probe x2, Pylon  
  69  5:03  Gateway x2  
  71  5:10  Probe x2  
  71  5:13  Probe  
  74  5:15  Pylon  
  74  5:17  Adept x2  
  78  5:21  Probe x2  
  78  5:24  Oracle  
  78  5:25  Probe  
  81  5:33  Probe x2  
  86  5:37  Shield Battery  
  86  5:38  Probe  
  87  5:43  Adept x2  
  93  5:50  Pylon  
  93  5:52  Photon Cannon  
  93  5:53  Photon Cannon  
  91  6:00  Adept  
  91  6:01  Photon Cannon  
  91  6:02  Oracle, Shield Battery  
  91  6:03  Shield Battery  
  92  6:05  Pylon  
  92  6:06  Pylon  
  92  6:09  Adept x2  
  92  6:11  Pylon  
  96  6:15  Adept  
  101  6:25  Probe x3  
  100  6:30  Adept x3  
  93  6:37  Probe x3  
  99  6:46  Assimilator  
  99  6:48  Assimilator  
  103  6:55  Gateway x2  
Show
View Real Time Build Order
Export as new Build Order

Solar Zerg 

Build Orders: Hatch First 

Get SALT Encoding   

  12  0:00  Drone  
  13  0:08  Drone  
  14  0:14  Extractor, Drone  
  15  0:34  Hatchery  
  14  0:39  Extractor, Drone  
  15  0:45  Overlord  
  15  1:03  Drone x3  
  18  1:10  Spawning Pool  
  17  1:14  Extractor  
  17  1:15  Drone  
  17  1:25  Drone  
  18  1:35  Drone  
  19  1:46  Drone x2  
  21  1:56  Queen x2  
  21  1:57  Zergling x2  
  21  2:00  Overlord  
  26  2:08  Drone x2  
  28  2:18  Metabolic Boost  
  28  2:19  Drone x2  
  30  2:29  Drone x2  
  32  2:38  Hatchery  
  32  2:41  Overlord  
  31  2:48  Queen  
  31  2:51  Drone  
  34  2:53  Drone  
  34  2:55  Drone  
  36  3:01  Zergling x2  
  36  3:03  Drone  
  36  3:04  Drone x2  
  36  3:05  Drone  
  41  3:09  Overlord  
  41  3:11  Drone  
  43  3:12  Drone  
  43  3:15  Drone  
  44  3:26  Queen x2  
  46  3:29  Drone x2  
  46  3:32  Overlord  
  50  3:35  Overlord  
  50  3:39  Spore Crawler  
  49  3:45  Spore Crawler  
  49  3:46  Evolution Chamber  
  47  3:50  Drone x4  
  47  3:53  Drone  
  52  3:57  Drone x2  
  52  4:00  Zergling x6  
  57  4:10  Drone  
  57  4:13  Overlord  
  57  4:16  Lair  
  58  4:20  Spore Crawler, Drone x3  
  59  4:26  Drone x2  
  59  4:27  Drone  
  59  4:28  Drone x2  
  64  4:34  Roach Warren  
  64  4:35  Extractor  
  64  4:36  Drone  
  64  4:37  Zergling x2  
  64  4:38  Zergling x2  
  65  4:41  Zergling x4  
  65  4:45  Queen  
  66  4:47  Zergling x2  
  66  4:49  Zergling x4  
  66  4:52  Spore Crawler  
  70  4:54  Zergling x4  
  70  4:57  Overlord  
  71  5:01  Drone x2  
  71  5:02  Extractor  
  71  5:03  Pneumatized Carapace  
  72  5:10  Extractor  
  72  5:11  Overlord  
  72  5:12  Overlord  
  68  5:16  Roach x3  
  74  5:23  Roach  
  74  5:27  Roach  
  77  5:28  Overlord x3  
  77  5:32  Overlord  
  77  5:33  Roach x2  
  81  5:38  Overlord  
  81  5:39  Roach  
  83  5:44  Zergling x6  
  83  5:45  Zergling x2  
  83  5:48  Ravager  
  88  5:50  Overlord  
  88  5:52  Zergling x4  
  88  5:55  Zergling x2  
  89  6:01  Ravager x2  
  89  6:02  Zergling x8  
  93  6:06  Zergling x4  
  93  6:10  Zergling x6  
  97  6:13  Ravager  
  97  6:15  Zergling x6  
  101  6:20  Zergling x2  
  101  6:21  Zergling x4  
  97  6:28  Roach x2  
  88  6:34  Zergling x2  
  88  6:35  Zergling x4  
  88  6:38  Zergling x4  
Tags
 
Add a new tag
Caveats
  • Supply blocks, unpowered buildings, or Contaminate may cause inaccurate times.
  • Supply counts are checked every 10 seconds.